 Dungeon Crawl Stone Soup version 0.29-a0-275-g389c0b56f3 (webtiles) character file.

Game seed: 11204873266299886342

30 Ajdolov the Sneak (level 3, -4/23 HPs)
             Began as an Octopode Transmuter on Mar 10, 2022.
             Killed from afar by Jessica (9 damage)
             ... with a puff of flame
             ... on level 2 of the Dungeon.
             The game lasted 00:01:16 (1308 turns).

Ajdolov the Sneak (Octopode Transmuter)             Turns: 1308, Time: 00:01:16

Health: -4/23      AC:  1    Str:  9    XL:     3   Next: 18%
Magic:  6/6        EV: 13    Int: 17    God:
Gold:   68         SH:  0    Dex: 12    Spells: 5/6 levels left

rFire   . . .      SeeInvis .     - Unarmed
rCold   . . .      Faith    .   (no shield)
rNeg    . . .      Spirit   .   (helmet restricted)
rPois   .          Reflect  .   (no amulet)
rElec   .          Harm     .   (no ring)
rCorr   .          Rampage  .   (no ring)
Will    .....                   (no ring)
Stlth   +++.......              (no ring)
HPRegen 0.07/turn               (no ring)
MPRegen 0.10/turn               (no ring)
                                (no ring)
                                (no ring)

@: no status effects
A: almost no armour, amphibious, 8 rings, camouflage 1, gelatinous body 1,
(nimble swimmer 1), tentacles
a: no special abilities


You were on level 2 of the Dungeon.
You visited 1 branch of the dungeon, and saw 2 of its levels.

You collected 68 gold pieces.

Inventory:

Scrolls
 c - a scroll of teleportation {unknown}
 d - a scroll of enchant armour {unknown}
Potions
 a - a potion of lignification
 b - a potion of heal wounds {unknown}


   Skills:
 + Level 1.0 Fighting
 - Level 2.0 Dodging
 - Level 4.0 Stealth
 * Level 3.0 Unarmed Combat
 - Level 2.0 Spellcasting
 - Level 2.0 Transmutations


You had 5 spell levels left.
You knew the following spells:

 Your Spells              Type           Power      Damage    Failure   Level
a - Beastly Appendage     Tmut           16%        N/A       9%          1

Your spell library contained the following spells:

 Spells                   Type           Power      Damage    Failure   Level
 Wereblood                Tmut           8%         N/A       13%         2
 Spider Form              Tmut/Pois      5%         N/A       36%         3
 Ice Form                 Ice/Tmut       5%         N/A       77%         4


Dungeon Overview and Level Annotations

Branches:
Dungeon (2/15)

Altars:

Annotations:
D:2 Jessica


Innate Abilities, Weirdness & Mutations

You cannot wear most types of armour.
You are amphibious.
You can wear up to eight rings at the same time.
Your skin changes colour to match your surroundings (Stealth+).
Your rubbery body absorbs attacks. (AC +1, EV +1)
((You are camouflaged when in or above water. (Stealth+)))
You have tentacles for arms and can constrict up to eight enemies at once.


Message History

You closely miss Jessica. You grab Jessica.
You constrict Jessica, but do no damage.
Jessica misses you.
The ball python hisses angrily.
You tentacle-slap Jessica but do no damage.
You constrict Jessica, but do no damage.
The frilled lizard barely misses you. Jessica casts a spell at you.
Pain shoots through your body!
You tentacle-slap Jessica.
Jessica is lightly wounded.
You constrict Jessica, but do no damage.
The frilled lizard closely misses you.
Jessica looks very angry.
Jessica mumbles some strange words.
Jessica blinks free!
You barely miss the frilled lizard. Your grab misses the frilled lizard.
Your tentacle-slap misses the frilled lizard.
The frilled lizard barely misses you.
You tentacle-slap the frilled lizard.
You kill the frilled lizard!
Jessica casts a spell.
Jessica blinks!
Jessica shouts, "Stop bothering me, or I'll kill you!"
Jessica casts a spell at you. Pain shoots through your body!
Jessica casts a spell.
Jessica blinks!
There is a stone staircase leading up here.
Jessica zaps a wand.
The puff of flame misses you. The ball python closely misses you.
The ball python grabs you.
You stop ascending the stairs.
The ball python constricts you.
You closely miss the ball python. Your grab misses the ball python.
The ball python closely misses you. The ball python constricts you.
Jessica zaps a wand.
The puff of flame hits you!
* * * LOW HITPOINT WARNING * * *
Unknown command.
You escape the ball python's grasp.
Jessica zaps a wand.
The puff of flame hits you!
You die...

##..##..#.##
...##..#.. # #
........#
#.#.###.##.#..#
.......##.#..#
..#.##.......>#
.............####.
#.@S........)
#.)##........
#.........(..
#..#..#.#....
#.@..........
.............
#...#.........
#...#..#.#...
....... .#


You could see Jessica and a ball python.

Vanquished Creatures
  5 ball pythons (D:1)
  A bat (D:1)
  3 endoplasms (D:1)
  A hobgoblin (D:1)
  6 jackals (D:1)
  2 quokkas (D:1)
  2 frilled lizards
  2 goblins
  2 kobolds (D:1)
  2 rats (D:1)
26 creatures vanquished.

Notes
Turn   | Place    | Note
-------+----------+-------------------------------------------
     0 | D:1      | Ajdolov the Octopode Transmuter began the quest for the
                  | Orb.
     0 | D:1      | Reached XP level 1. HP: 13/13 MP: 3/3
   101 | D:1      | Reached skill level 1 in Stealth
   140 | D:1      | Reached skill level 2 in Stealth
   146 | D:1      | Reached XP level 2. HP: 13/18 MP: 5/5
   531 | D:1      | Reached skill level 3 in Stealth
   767 | D:1      | Reached XP level 3. HP: 23/23 MP: 6/6
  1037 | D:1      | Reached skill level 4 in Stealth
  1285 | D:2      | Noticed Jessica
  1308 | D:2      | Killed from afar by Jessica

Illustrated notes

Levels and vault maps discovered:
D:1:      dpeg_arrival_stone_temple_mockup, layout_basic
D:2:      cheibrodos_helix_gallery, layout_basic,
          hellmonk_ecumenical_altar_inner_sanctum, uniq_sigmund, uniq_jessica

Skill      XL: |  1  2  3 |
---------------+----------+-----
Stealth        | 2 3 4 |  4.0
Fighting       | |  1.0
Dodging        | |  2.0
Unarmed Combat | |  3.0
Spellcasting   | |  2.0
Transmutations | |  2.0

Action                   || total
-------------------------++-------
Melee: Unarmed           ||    67
       Constrict         ||    16
       Tentacles         ||    12
       Punch             ||     1
 Stab: Sleeping          ||     8
Armor: Skin              ||     9
Dodge: Dodged            ||    33

Table legend: (Time is in decaauts)
 A = Elapsed time spent in this place.
 B = Non-inter-level travel time spent in this place.
 C = Inter-level travel time spent in this place.
 D = Time resting spent in this place.
 E = Time spent auto-exploring this place.
 F = Levels seen in this place.
 G = Mean time per level.
                   A        B        C        D        E       F      G
               +--------+--------+--------+--------+--------+-----+--------+
         Total |   1303 |   1276 |     27 |    146 |    962 |   2 |  651.5 |
       Dungeon |   1303 |   1276 |     27 |    146 |    962 |   2 |  651.5 |
               +--------+--------+--------+--------+--------+-----+--------+

Top non-repeatable levels by time:
     D:1: 1281 daAuts
     D:2: 22 daAuts
